 Dungeon Sprint DCSS version 0.32-a0-640-gc5db3fc80f (webtiles) character file.

Game seed: 10634663869958025822

112 petercordia the Slasher (level 4, -12/37 HPs)
             Began as a Coglin Gladiator on Mar 7, 2024.
             Mangled by an ice beast (14 damage)
             ... in the Dungeon (Sprint IX: "|||||||||||||||||||||||||||||").
             The game lasted 00:00:36 (46 turns).

petercordia the Slasher (Coglin Gladiator)            Turns: 46, Time: 00:00:37

Health: -12/37     AC:  4    Str: 14    XL:     4   Next: 93%
Magic:  4/4        EV: 14    Int:  7    God:
Gold:   0          SH:  0    Dex: 18    Spells: 3/3 levels left

rFire   . . .        a - +0 long sword {Akal}
rCold   . . .        f - +0 dagger {Li}
rNeg    . . .        b - +0 leather armour
rPois   .            c - +0 helmet
rElec   .            (no cloak)
rCorr   .            (no gloves)
SInv    .            (no boots)
Will    .....        (amulet unavailable)
Stlth   +            (ring unavailable)
HPRegen 0.26/turn    (ring unavailable)
MPRegen 0.09/turn    (no gizmo)

%: no teleportation
@: revved
A: off-hand wielding, slow wielding, warmup strikes, no jewellery
a: Invent Gizmo


You were in the Dungeon.
You visited 1 branch

Inventory:

Hand Weapons
 a - a +0 long sword (weapon) {Akal}
 f - a +0 dagger (offhand) {Li}
Missiles
 d - 3 throwing nets (quivered)
 e - a javelin
Armour
 b - a +0 leather armour (worn)
 c - a +0 helmet (worn)
Scrolls
 l - a scroll of blinking
Potions
 i - a potion of haste
 j - 2 potions of magic
 k - a potion of berserk rage


   Skills:
 + Level 3.9 Fighting
 + Level 6.9 Long Blades
 - Level 1.7 Throwing
 + Level 1.4 Armour
 + Level 5.7 Dodging


You had 3 spell levels left.
You didn't know any spells.
Your spell library was empty.

Dungeon Overview and Level Annotations

Branches:
Dungeon (1/1)

Altars:


Innate Abilities, Weirdness & Mutations

You can wield a second weapon in your off-hand.
It takes a long time for you to wield or remove held weapons.
Your first few attacks do less damage.
You cannot equip rings or amulets.


Message History

You feel a bit more experienced.
You bump into the unnaturally hard rock wall.
The scorpion stings you but does no damage.
You bump into the unnaturally hard rock wall.
You feel less confused. The scorpion stings you.
You hit the scorpion but do no damage.
You slash the scorpion with your +0 long sword!
The scorpion barely misses you.
You closely miss the scorpion with your +0 long sword.
The scorpion is heavily wounded.
You barely miss the scorpion with your +0 dagger.
The scorpion closely misses you. The scorpion stings you.
You hit the scorpion with your +0 dagger.
The scorpion is almost dead.
You hit the scorpion with your +0 long sword.
The scorpion misses you.
You hit the scorpion with your +0 long sword.
You kill the scorpion!
Your Long Blades skill increases to level 6!
Your Armour skill increases to level 1!
Your Dodging skill increases to level 5!
You have reached level 4!
You feel agile.
You hit the ice beast but do no damage.
You closely miss the ice beast with your +0 dagger.
The ice beast hits you but does no damage.
You hit the ice beast but do no damage. x2; The ice beast hits you.
The ice beast freezes you.
You hit the ice beast but do no damage.
You closely miss the ice beast with your +0 long sword.
The ice beast hits you. The ice beast freezes you!
* * * LOW HITPOINT WARNING * * *
You hit the ice beast with your +0 long sword.
The ice beast is moderately wounded.
You hit the ice beast with your +0 dagger.
The ice beast hits you.
* * * LOW HITPOINT WARNING * * *
The ice beast freezes you!
You die...

▓.▓
▓†▓
▓†▓
▓.▓
▓.▓
▓.▓
▓.▓
▓'▓
▓@▓
▓Y▓
▓o▓
▓.▓
▓.▓
▓+▓


You could see an ice beast and an orc.

Vanquished Creatures
  A scorpion (D)
  An iguana (D)
  An orc wizard (D)
  A dart slug (D)
  An endoplasm (D)
  A giant cockroach (D)
  A frilled lizard (D)
  A rat (D)
8 creatures vanquished.

Notes
Turn   | Place    | Note
-------+----------+-------------------------------------------
     0 | D        | petercordia the Coglin Gladiator began the quest for the
                  | Orb.
     0 | D        | Reached XP level 1. HP: 16/16 MP: 1/1
    14 | D        | Reached XP level 2. HP: 23/23 MP: 2/2
    19 | D        | Noticed a scorpion
    19 | D        | Noticed an ice beast
    26 | D        | Reached skill level 5 in Long Blades
    26 | D        | Reached XP level 3. HP: 10/29 MP: 3/3
    42 | D        | Killed a scorpion
    43 | D        | Reached skill level 6 in Long Blades
    43 | D        | Reached skill level 1 in Armour
    43 | D        | Reached skill level 5 in Dodging
    43 | D        | Reached XP level 4. HP: 24/37 MP: 4/4
    46 | D        | Mangled by an ice beast

Illustrated notes

Levels and vault maps discovered:
D:        linesprint [early_d, line_temple, items_1, d_10, items_2, lair_1,
          lair_end, items_3, orc_1, orc_end, items_4, d_15, swamp_1, shoals_1,
          snake_1, spider_1, d_20, vaults_1, items_5, swamp_end, shoals_end,
          snake_end, spider_end, vaults_end, d_27, items_6, zot_1, zot_end,
          crypt_end, forest_end, elf_end, slime_end, tomb_end, abyss_end,
          pan_hell_end]

Skill      XL: |  1  2  3 |
---------------+----------+-----
Dodging        | 3 4 5 |  5.7
Fighting       | 3 |  3.9
Long Blades    | 5 6 |  6.9
Armour         | 1 |  1.4
Throwing       | |  1.7

Action                     |  1- 3 |  4- 6 || total
---------------------------+-------+-------++-------
  Melee: Long sword        |    24 |     4 ||    28
         Dagger            |    21 |     4 ||    25
    Use: Potion            |     2 |       ||     2
 Armour: Leather armour    |    15 |     4 ||    19
  Dodge: Dodged            |     8 |       ||     8

Table legend: (Time is in decaauts)
 A = Elapsed time spent in this place.
 B = Non-inter-level travel time spent in this place.
 C = Inter-level travel time spent in this place.
 D = Time resting spent in this place.
 E = Time spent auto-exploring this place.
 F = Levels seen in this place.
 G = Mean time per level.
                   A        B        C        D        E       F      G
               +--------+--------+--------+--------+--------+-----+--------+
         Total |     46 |     46 |      0 |      0 |      8 |   1 |   46.0 |
       Dungeon |     46 |     46 |      0 |      0 |      8 |   1 |   46.0 |
               +--------+--------+--------+--------+--------+-----+--------+

Top non-repeatable levels by time:
       D: 46 daAuts
